Map: [ESL] Cosmic Sapphire

Players

Hellraiser

  • Race: Protoss Protoss
  • Spawn Location: 11:00

Krystianer - Winner!

  • Race: Protoss Protoss
  • Spawn Location: 5:00

Event: DreamHack SC2 Masters 2022 Atlanta (Online)

VOD

Have the link to the VOD?

Description

Time

  • Played on: Sept. 28, 2022, 11:01 a.m.
  • Length: 12:36

All games in this series

Show
View Real Time Build Order
Export as new Build Order

Hellraiser Protoss 

Build Orders: Oracle Opening 

Get SALT Encoding   

  12  0:00  Probe  
  13  0:12  Probe  
  14  0:17  Pylon  
  14  0:24  Probe (Chrono Boost)  
  15  0:36  Probe (Chrono Boost)  
  15  0:37  Gateway  
  16  0:44  Probe (Chrono Boost)  
  16  0:46  Assimilator  
  17  0:51  Probe  
  17  0:55  Assimilator  
  18  1:03  Probe (Chrono Boost)  
  19  1:09  Gateway  
  19  1:14  Probe (Chrono Boost)  
  20  1:18  Probe (Chrono Boost)  
  21  1:25  Cybernetics Core  
  21  1:30  Probe  
  22  1:38  Pylon  
  22  1:42  Probe  
  23  1:56  Probe  
  24  2:02  Stalker x2  
  24  2:04  Warp Gate  
  24  2:08  Probe  
  29  2:14  Pylon  
  29  2:27  Shield Battery  
  29  2:33  Stalker x2  
  33  2:42  Stargate  
  33  3:03  Shield Battery  
  33  3:13  Nexus  
  33  3:23  Shield Battery  
  33  3:25  Probe  
  33  3:26  Oracle (Chrono Boost)  
  37  3:37  Probe, Pylon  
  38  3:49  Probe  
  39  3:58  Robotics Facility  
  39  4:01  Oracle (Chrono Boost), Probe (Chrono Boost)  
  43  4:12  Probe (Chrono Boost)  
  44  4:18  Probe (Chrono Boost)  
  45  4:28  Probe (Chrono Boost)  
  45  4:29  Probe (Chrono Boost)  
  47  4:36  Probe (Chrono Boost)  
  47  4:37  Probe (Chrono Boost)  
  49  4:41  Probe (Chrono Boost)  
  49  4:42  Forge  
  49  4:44  Probe  
  52  4:45  Observer  
  52  4:53  Probe  
  52  4:57  Probe  
  54  5:05  Probe  
  59  5:07  Immortal (Chrono Boost)  
  59  5:09  Probe  
  60  5:16  Protoss Ground Weapons Level 1  
  60  5:17  Probe  
  60  5:20  Pylon  
  60  5:21  Probe  
  62  5:23  Twilight Council  
  62  5:27  Nexus  
  62  5:35  Pylon  
  62  5:38  Probe x2  
  64  5:43  Immortal (Chrono Boost)  
  64  5:48  Assimilator  
  68  5:50  Shield Battery, Probe  
  68  5:52  Probe  
  68  5:55  Shield Battery  
  70  5:58  Blink (Chrono Boost)  
  70  6:03  Probe  
  70  6:04  Probe  
  72  6:05  Pylon  
  72  6:12  Gateway  
  72  6:16  Immortal (Chrono Boost)  
  76  6:20  Probe x2  
  76  6:25  Gateway  
  78  6:32  Pylon  
  78  6:33  Probe x2  
  80  6:44  Probe  
  80  6:45  Gateway, Probe  
  82  6:47  Gateway  
  82  6:51  Stalker x2  
  82  6:53  Observer (Chrono Boost)  
  87  6:55  Probe  
  87  6:56  Probe  
  87  6:57  Probe  
  90  7:07  Probe  
  91  7:08  Probe  
  91  7:16  Stalker  
  91  7:17  Stalker x2  
  97  7:23  Gateway  
  97  7:26  Gateway  
  97  7:28  Probe, Assimilator  
  97  7:29  Pylon  
  98  7:30  Dark Shrine  
  96  7:40  Stalker x4  
  96  7:44  Probe x2  
  106  7:45  Assimilator  
  106  7:47  Photon Cannon, Assimilator  
  106  7:50  Probe  
  106  7:51  Zealot  
  109  7:52  Stalker  
  111  8:04  Stalker x3  
  117  8:09  Shield Battery  
  117  8:11  Protoss Ground Weapons Level 2 (Chrono Boost)  
  117  8:12  Pylon x2  
  117  8:23  Resonating Glaives (Chrono Boost)  
  117  8:30  Warp Prism, Stalker  
  117  8:31  Stalker  
  117  8:33  Zealot x2  
  127  8:35  Stalker  
  127  8:36  Stalker  
  131  8:44  Pylon  
  131  8:45  Pylon  
  131  8:52  Pylon  
  130  9:02  Probe x2  
  132  9:03  Pylon  
  132  9:04  Pylon  
  122  9:22  Nexus  
  114  9:29  Adept x3  
  114  9:30  Adept x4  
  111  9:33  Probe  
  111  9:36  Immortal (Chrono Boost)  
  111  9:37  Probe  
  117  9:49  Robotics Bay  
  117  9:50  Dark Templar x2  
  117  9:51  Dark Templar x2  
  122  9:58  Stalker  
  122  9:59  Probe  
  119  10:00  Stalker x3  
  119  10:04  Probe  
  126  10:09  Probe  
  127  10:21  Probe  
  124  10:36  Stalker  
  124  10:37  Stalker x3  
  124  10:38  Disruptor (Chrono Boost)  
  124  10:40  Stalker x4  
  115  10:47  Probe  
  109  10:52  Probe  
  109  10:59  Probe  
  109  11:01  Dark Templar  
  109  11:02  Stalker x4  
  109  11:03  Stalker x3  
  126  11:04  Probe  
  126  11:16  Disruptor (Chrono Boost)  
  126  11:24  Shield Battery  
  127  11:28  Pylon  
  127  11:31  Nexus  
  127  11:32  Stalker x2  
  129  11:37  Shield Battery, Pylon  
  129  11:45  Pylon  
  129  11:49  Observer (Chrono Boost)  
  129  11:52  Stalker x4  
  138  12:08  Dark Templar x2  
  140  12:13  Nexus  
  140  12:25  Dark Templar x2  
Show
View Real Time Build Order
Export as new Build Order

Krystianer Protoss - Winner!

Build Orders:  

Get SALT Encoding   

  12  0:00  Probe  
  13  0:12  Probe  
  14  0:17  Pylon  
  14  0:24  Probe (Chrono Boost)  
  15  0:36  Gateway, Probe (Chrono Boost)  
  16  0:44  Probe (Chrono Boost)  
  16  0:45  Assimilator  
  17  0:52  Probe  
  18  0:58  Assimilator  
  19  1:04  Probe (Chrono Boost)  
  19  1:08  Gateway  
  19  1:13  Probe (Chrono Boost)  
  20  1:18  Probe (Chrono Boost)  
  21  1:26  Cybernetics Core  
  21  1:30  Probe  
  22  1:37  Pylon  
  22  1:42  Probe  
  23  1:55  Probe  
  23  2:00  Warp Gate (Chrono Boost)  
  24  2:02  Adept, Stalker  
  24  2:07  Probe  
  29  2:13  Pylon  
  29  2:19  Probe  
  30  2:32  Stalker x2  
  33  2:55  Nexus  
  33  3:02  Sentry  
  33  3:03  Probe  
  36  3:11  Shield Battery  
  36  3:17  Robotics Facility  
  36  3:21  Sentry  
  36  3:23  Probe  
  39  3:29  Pylon  
  39  3:47  Probe, Stalker  
  40  3:56  Stalker  
  40  3:59  Probe  
  47  4:14  Probe (Chrono Boost)  
  47  4:16  Stalker  
  50  4:21  Probe (Chrono Boost)  
  52  4:29  Probe x2 (Chrono Boost)  
  53  4:35  Probe (Chrono Boost)  
  53  4:36  Twilight Council  
  53  4:37  Stalker  
  53  4:38  Probe (Chrono Boost)  
  53  4:42  Stalker  
  55  4:47  Probe (Chrono Boost)  
  55  4:49  Pylon  
  57  4:53  Observer, Probe (Chrono Boost)  
  57  4:54  Probe (Chrono Boost)  
  59  5:01  Probe  
  59  5:02  Probe  
  61  5:08  Stalker x2  
  65  5:14  Blink (Chrono Boost)  
  67  5:23  Probe  
  66  5:28  Nexus  
  66  5:29  Pylon  
  67  5:38  Stalker x2  
  70  5:44  Pylon  
  70  5:47  Probe x2  
  70  5:49  Gateway  
  72  5:59  Probe x2  
  72  6:00  Pylon  
  74  6:05  Stalker x2  
  74  6:07  Assimilator  
  74  6:11  Gateway, Probe  
  79  6:12  Probe  
  80  6:22  Pylon  
  80  6:23  Probe  
  80  6:24  Probe  
  82  6:30  Adept x2  
  86  6:35  Probe  
  86  6:36  Probe  
  88  6:41  Probe  
  88  6:46  Gateway  
  89  6:47  Forge  
  89  6:49  Gateway  
  89  6:53  Stalker x2  
  93  6:54  Stalker  
  93  6:55  Probe  
  93  6:56  Protoss Ground Weapons Level 1 (Chrono Boost)  
  93  6:57  Probe  
  93  7:00  Probe  
  98  7:07  Charge (Chrono Boost), Probe  
  99  7:09  Probe  
  100  7:18  Zealot x4, Assimilator  
  106  7:28  Gateway  
  104  7:31  Pylon  
  104  7:32  Pylon  
  104  7:39  Stalker x4  
  112  7:53  Probe  
  112  7:55  Pylon  
  113  7:59  Nexus  
  107  8:09  Zealot x5  
  107  8:10  Zealot  
  119  8:16  Pylon  
  119  8:17  Probe  
  119  8:19  Pylon  
  119  8:25  Photon Cannon  
  119  8:28  Shield Battery  
  119  8:31  Templar Archives  
  119  8:37  Zealot x4  
  127  8:42  Probe x2  
  127  8:58  Gateway  
  127  9:02  Robotics Facility  
  127  9:03  Zealot x6  
  127  9:07  Pylon  
  127  9:08  Pylon  
  131  9:28  Stalker x6  
  131  9:29  Probe  
  138  9:36  Protoss Ground Weapons Level 2 (Chrono Boost)  
  138  9:37  Stalker  
  138  9:39  Photon Cannon  
  138  9:42  Probe x3  
  141  9:48  Probe  
  142  9:54  Probe  
  142  9:59  High Templar x4  
  151  10:01  Stalker x3  
  151  10:04  Archon  
  151  10:05  Archon  
  160  10:15  Stalker  
  160  10:18  Observer (Chrono Boost), Probe  
  161  10:26  Stalker x3  
  166  10:34  Warp Prism (Chrono Boost)  
  162  10:36  Zealot x3  
  162  10:38  Probe  
  162  10:41  Probe  
  145  10:43  Probe  
  145  10:46  Probe  
  130  10:50  Probe  
  130  10:53  Stalker x3  
  130  10:55  Zealot  
  130  10:56  Probe  
  130  10:57  Probe  
  127  10:59  Zealot x3  
  133  11:06  Observer  
  133  11:07  Photon Cannon  
  133  11:09  Pylon  
  128  11:13  Probe x2 (Chrono Boost)  
  128  11:17  Probe (Chrono Boost)  
  129  11:20  Probe (Chrono Boost)  
  130  11:29  Probe x2 (Chrono Boost)  
  130  11:30  Probe (Chrono Boost)  
  132  11:35  Shield Battery  
  132  11:39  Photon Cannon  
  133  11:44  Zealot x6  
  143  11:47  Zealot  
  143  11:48  Zealot  
  143  11:50  Probe  
  149  11:54  Probe  
  149  11:56  Photon Cannon  
  149  11:57  Probe  
  151  12:01  Probe  
  151  12:02  Probe  
  151  12:06  Probe  
  151  12:09  Probe  
  144  12:18  Probe  
  144  12:21  Stalker x5  
  139  12:29  Zealot  
Tags
 
Add a new tag
Caveats
  • Supply blocks, unpowered buildings, or Contaminate may cause inaccurate times.
  • Supply counts are checked every 10 seconds.